 Dungeon Crawl Stone Soup version 0.29-a0-617-g7a6b98fccd (webtiles) character file.

Game seed: 503975079674938653

3415 DocClef the Carver (level 10, -4/66 HPs)
             Began as a Tengu Fighter on June 17, 2022.
             Was an Initiate of Hepliaklqana.
             Killed from afar by an electric eel (7 damage)
             ... with a bolt of electricity
             ... on level 7 of the Dungeon.
             The game lasted 00:08:02 (7195 turns).

DocClef the Carver (Tengu Fighter)                  Turns: 7195, Time: 00:08:02

Health: -4/66      AC: 15    Str: 17    XL:     10   Next: 5%
Magic:  11/11      EV: 10    Int:  9    God:    Hepliaklqana [......]
Gold:   253        SH:  5    Dex: 17    Spells: 9/9 levels left

rFire   . . .      SeeInvis .   w - +4 long sword (freeze)
rCold   . . .      Faith    .   c - +0 buckler
rNeg    . . .      Spirit   .   b - +1 scale mail
rPois   .          Reflect  .   (helmet restricted)
rElec   .          Harm     .   u - +2 cloak
rCorr   .          Rampage  .   (no gloves)
Will    +....                   (boots unavailable)
Stlth   ..........              (no amulet)
HPRegen 0.21/turn               s - +4 ring of protection
MPRegen 0.12/turn               C - ring of willpower

@: flying quickly and evasively, quick
A: beak, talons 3, nimble flight
a: Renounce Religion


You were on level 7 of the Dungeon.
You worshipped Hepliaklqana.
Hepliaklqana was noncommittal.
You visited 2 branches of the dungeon, and saw 8 of its levels.

You collected 253 gold pieces.

Inventory:

Hand Weapons
 a - a +0 long sword of protection
 w - a +4 long sword of freezing (weapon)
Missiles
 B - a throwing net (quivered)
Armour
 b - a +1 scale mail (worn)
 c - a +0 buckler (worn)
 u - a +2 cloak (worn)
Jewellery
 f - a ring of wizardry
 s - a +4 ring of protection (left hand)
 y - a ring of wizardry
 C - a ring of willpower (right hand)
Wands
 n - a wand of quicksilver (10)
 x - a wand of flame (17)
 D - a wand of charming (9)
Scrolls
 g - a scroll of brand weapon
 h - 4 scrolls of teleportation
 j - 4 scrolls of amnesia
 k - 2 scrolls of silence
 m - 3 scrolls of identify
 p - a scroll of fog
 v - 2 scrolls of enchant armour
Potions
 d - 2 potions of might
 e - a potion of brilliance
 l - a potion of haste
 o - a potion of attraction
 q - 3 potions of mutation
 r - 2 potions of heal wounds
 t - 2 potions of berserk rage {unknown}
 z - a potion of lignification {unknown}
 A - 6 potions of curing


   Skills:
 - Level 9.0 Fighting
 + Level 12.2 Long Blades
 - Level 3.3 Armour
 - Level 3.0 Shields


You had 9 spell levels left.
You didn't know any spells.
Your spell library contained the following spells:

 Spells                   Type           Power      Damage    Failure   Level
 Fulminant Prism          Conj/Hex       0%         3d6       100%        4
 Iskenderun's Mystic Bla  Conj/Tloc      0%         2d3       100%        4
 Lee's Rapid Deconstruct  Erth           0%         3d5*      100%        5


Dungeon Overview and Level Annotations

Branches:
Dungeon (7/15)             Temple (1/1) D:7

Altars:
Cheibriados
Dithmenos
Fedhas
Gozag
Hepliaklqana
Nemelex Xobeh
Qazlal
Ru
Sif Muna
Trog
Uskayaw
Vehumet
Wu Jian
Xom
Zin
The Shining One


Innate Abilities, Weirdness & Mutations

You have a beak for a mouth.
You have claws for feet.
Your magical nature lets you fly swiftly and evasively.


Message History

No target in view!
You start resting.
HP restored.
Found a robe.
You see here a +0 robe.
Found a hand axe.
An electric eel is nearby!
An electric eel is nearby!
An electric eel comes into view.
The electric eel shoots out a bolt of lightning at you!
The bolt of electricity hits you.
The electric eel shoots out a bolt of lightning at you!
The bolt of electricity hits you!
The electric eel shoots out a bolt of lightning at you!
The bolt of electricity hits you!
You hit the electric eel.
The electric eel seems to slow down.
You freeze the electric eel. Your kick misses the electric eel.
You peck the electric eel.
The electric eel is heavily wounded.
You miss the electric eel. Your peck misses the electric eel.
The electric eel is heavily wounded.
The electric eel shoots out a bolt of lightning at you!
The bolt of electricity hits you!
You are too injured to fight recklessly!
You are too injured to fight recklessly!
You miss the electric eel. Your kick misses the electric eel.
The electric eel is heavily wounded.
The electric eel is no longer moving slowly.
You slash the electric eel!
The electric eel seems to slow down.
You freeze the electric eel.
You kill the electric eel!
The electric eel shoots out a bolt of lightning at you!
The bolt of electricity hits you! x2
* * * LOW HITPOINT WARNING * * *
You barely miss the electric eel. Your peck misses the electric eel.
The electric eel shoots out a bolt of lightning at you!
The bolt of electricity hits you!
* * * LOW HITPOINT WARNING * * *
The bolt of electricity hits you!
You die...

#.# . #.# #.# ♣#####
#.# #.## ♣♣♣♣P≈♣P≈ #.#
##..#♣♣≈≈≈≈♣♣♣♣
#.##♣≈..≈≈≈≈≈≈≈≈≈≈≈
##.#≈≈≈........)....
##..♣≈≈≈≈.≈≈≈≈P≈≈≈≈≈≈
##).≈≈≈≈≈≈.≈≈≈P≈≈≈≈≈≈≈
##..P≈@≈≈≈≈.≈≈≈≈≈P≈♣≈♣≈
#..≈≈≈≈S≈≈≈.≈≈≈♣♣♣≈###♣
#.≈≈≈≈P≈≈≈≈.≈≈♣♣♣≈#####
#.♣♣≈≈≈≈≈≈≈.≈≈ ♣P#...#
#.♣♣≈≈≈≈≈≈≈.≈≈ ♣♣#...##
#.#♣♣♣≈≈≈≈≈.≈≈ ♣≈.....
#.# ♣≈P≈≈≈.≈≈≈♣♣♣≈..##
#.# ♣♣≈≈≈≈.≈≈≈≈≈P♣..#
#.# ♣≈≈≈≈.≈≈≈≈≈≈≈#.#


You could see an electric eel.

Vanquished Creatures
  Grinder (D:5)
  Prince Ribbit (D:5)
  A steam dragon (D:6)
  Menkaure (D:5)
  2 water moccasins
  An orc warrior (D:6)
  2 black bears
  2 ice beasts
  A sky beast (D:7)
  A centaur (D:5)
  4 ogres
  A kobold brigand (D:7)
  2 bullfrogs (D:6)
  3 scorpions
  5 wights (D:6)
  3 electric eels (D:7)
  A howler monkey (D:5)
  3 hounds
  2 orc priests (D:7)
  6 jellies
  5 iguanas
  4 orc wizards
  8 adders
  8 gnolls
  A shadow imp (D:6)
  2 white imps
  An ufetubus (D:7)
  2 worms (D:4)
  15 orcs
  4 ball pythons
  5 endoplasms
  A giant cockroach (D:1)
  9 goblins
  2 hobgoblins
  11 kobolds
  3 quokkas
  10 bats
  2 frilled lizards
  8 rats
144 creatures vanquished.

Vanquished Creatures (others)
  79 plants (D:7)
79 creatures vanquished.

Grand Total: 223 creatures vanquished

Notes
Turn   | Place    | Note
-------+----------+-------------------------------------------
     0 | D:1      | DocClef the Tengu Fighter began the quest for the Orb.
     0 | D:1      | Reached XP level 1. HP: 14/14 MP: 2/2
   286 | D:1      | Reached XP level 2. HP: 19/19 MP: 3/3
   874 | D:2      | You fall into a shaft and drop 1 floor!
   901 | D:3      | Reached XP level 3. HP: 24/24 MP: 4/4
  1129 | D:2      | Found a faded altar of an unknown god.
  1871 | D:3      | Reached XP level 4. HP: 29/30 MP: 5/5
  2004 | D:4      | Reached skill level 5 in Fighting
  2204 | D:4      | Gained mutation: Your magical nature lets you fly swiftly
                  | and evasively. [Tengu growth]
  2204 | D:4      | Reached XP level 5. HP: 35/35 MP: 6/6
  2419 | D:4      | Reached XP level 6. HP: 38/42 MP: 7/7
  2912 | D:5      | Entered Level 5 of the Dungeon
  2957 | D:5      | Noticed an ice beast
  2970 | D:5      | Killed an ice beast
  2986 | D:5      | Reached XP level 7. HP: 35/48 MP: 8/8
  3118 | D:5      | Noticed Menkaure
  3123 | D:5      | Killed Menkaure
  3301 | D:5      | Noticed Prince Ribbit
  3308 | D:5      | Killed Prince Ribbit
  3631 | D:5      | Reached XP level 8. HP: 53/56 MP: 9/9
  3671 | D:5      | Reached skill level 3 in Long Blades
  3946 | D:5      | Reached skill level 4 in Long Blades
  4193 | D:5      | Reached skill level 5 in Long Blades
  4595 | D:6      | Reached skill level 6 in Long Blades
  4609 | D:5      | Noticed Grinder
  4611 | D:5      | Paralysed by Grinder for 4 turns
  4758 | D:6      | Reached skill level 7 in Long Blades
  5212 | D:6      | Reached skill level 8 in Long Blades
  5212 | D:6      | Reached XP level 9. HP: 53/60 MP: 10/10
  5413 | D:6      | Reached skill level 9 in Long Blades
  5519 | D:7      | Found a staircase to the Ecumenical Temple.
  5555 | D:5      | Killed Grinder
  5556 | D:5      | Reached skill level 10 in Long Blades
  6311 | D:7      | Reached skill level 11 in Long Blades
  6342 | D:7      | Found a sparkling altar of Nemelex Xobeh.
  6386 | Temple   | Entered the Ecumenical Temple
  6521 | Temple   | Became a worshipper of Hepliaklqana the Forgotten
  6838 | D:7      | Reached skill level 12 in Long Blades
  6838 | D:7      | Reached XP level 10. HP: 28/66 MP: 11/11
  7195 | D:7      | HP: 3/66 [electric eel/bolt of electricity (10)]
  7195 | D:7      | Killed from afar by an electric eel

Illustrated notes

Levels and vault maps discovered:
D:1:      scummos_arrival_forest, layout_basic
D:2:      layout_loops_ring, chequers_ecumenical_altar_simple_redux
D:3:      layout_rooms
D:4:      layout_basic, minmay_misc_feat_iff
D:5:      layout_loops_ring, uniq_prince_ribbit1, uniq_menkaure, uniq_grinder
D:6:      layout_rooms, roderic_batcave, dk_noncrumbling_4,
          chequers_serial_rivers_large_b, grunt_tough_drop
D:7:      layout_rooms, mainiacjoe_overflow_alcove_1,
          mainiacjoe_overflow_brackets, minmay_temple_entry_crystal_x,
          serial_bayou, serial_bayou_pond_d, serial_bayou_lagoon_b,
          serial_bayou_lagoon_a, serial_bayou_shore_b, serial_bayou_pond_c
Temple:   regret_index_temple_waves

Skill      XL: |  1  2  3  4  5  6  7  8  9 |
---------------+----------------------------+-----
Fighting       | 4 5 6 7 9 |  9.0
Long Blades    | 8 12 | 12.2
Armour         | |  3.3
Shields        | |  3.0

Action                   |  1- 3 |  4- 6 |  7- 9 | 10-12 || total
-------------------------+-------+-------+-------+-------++-------
Melee: Long sword        |    59 |    94 |   262 |     7 ||   422
       Kick              |    13 |    28 |    82 |     1 ||   124
       Peck              |     8 |    15 |    54 |     1 ||    78
  Use: Scroll            |       |       |    17 |       ||    17
Armor: Scale mail        |    25 |    47 |   148 |       ||   220
Dodge: Dodged            |    17 |    55 |   128 |       ||   200
Block: Buckler           |    10 |    20 |    70 |       ||   100

Table legend: (Time is in decaauts)
 A = Elapsed time spent in this place.
 B = Non-inter-level travel time spent in this place.
 C = Inter-level travel time spent in this place.
 D = Time resting spent in this place.
 E = Time spent auto-exploring this place.
 F = Levels seen in this place.
 G = Mean time per level.
                   A        B        C        D        E       F      G
               +--------+--------+--------+--------+--------+-----+--------+
         Total |   7033 |   6851 |    182 |   1266 |   4466 |   8 |  879.1 |
       Dungeon |   6892 |   6734 |    158 |   1266 |   4363 |   7 |  984.6 |
        Temple |    140 |    116 |     24 |      0 |    102 |   1 |  140.0 |
               +--------+--------+--------+--------+--------+-----+--------+

Top non-repeatable levels by time:
     D:5: 1642 daAuts
     D:6: 1440 daAuts
     D:4: 1104 daAuts
     D:1: 860 daAuts
     D:7: 710 daAuts
     D:2: 696 daAuts
     D:3: 437 daAuts
  Temple: 140 daAuts
